 Dungeon Crawl Stone Soup version 0.31-a0-667-g39726597b9 (webtiles) character file.

Game seed: 17793273805769513358

37 timpak the Sneak (level 3, 0/16 HPs)
             Began as a Spriggan Enchanter on Sept 2, 2023.
             Slain by an adder (1 damage)
             ... on level 2 of the Dungeon.
             The game lasted 00:04:38 (1286 turns).

timpak the Sneak (Spriggan Enchanter)               Turns: 1286, Time: 00:04:38

Health: 0/16       AC:  2    Str:  4    XL:     3   Next: 21%
Magic:  0/8        EV: 17    Int: 16    God:
Gold:   49         SH:  0    Dex: 17    Spells: 3/8 levels left

rFire   . . .        d - +2 dagger (vamp)
rCold   . . .        (no shield)
rNeg    . . .        b - +0 robe
rPois   .            (helmet restricted)
rElec   .            (no cloak)
rCorr   .            (gloves unavailable)
SInv    +            (boots unavailable)
Will    .....        (no amulet)
Stlth   +++          (no ring)
HPRegen 0.22/turn    (no ring)
MPRegen 0.11/turn

%: no passive effects
@: lethally poisoned (0 -> -7), very quick
A: very small, no large weapons, unfitting armour, see invisible, speed 3
a: no special abilities


You were on level 2 of the Dungeon.
You visited 1 branch of the dungeon, and saw 2 of its levels.

You collected 49 gold pieces.

Inventory:

Hand Weapons
 d - a +2 vampiric dagger (weapon)
Armour
 b - a +0 robe (worn)
Scrolls
 a - a scroll of noise {unknown}
 g - 4 scrolls of immolation {unknown}
 h - a scroll of vulnerability {unknown}
 i - 4 scrolls of identify {unknown}
 k - a scroll of fog {unknown}
 l - a scroll of amnesia {unknown}
Potions
 c - 2 potions of invisibility
 e - 2 potions of brilliance {unknown}
 f - a potion of haste {unknown}
 j - a potion of attraction {unknown}


   Skills:
 + Level 1.4 Short Blades
 + Level 2.9 Dodging
 + Level 6.0 Stealth
 - Level 3.0 Spellcasting
 + Level 3.8 Hexes


You had 3 spell levels left.
You knew the following spells:

 Your Spells              Type           Power      Damage    Failure   Level
a - Ensorcelled Hibernat  Hex/Ice        16%        N/A       13%         2
b - Confusing Touch       Hex            14%        N/A       12%         3

Your spell library contained the following spells:

 Spells                   Type           Power      Damage    Failure   Level
 Tukima's Dance           Hex            14%        N/A       12%         3
 Dazzling Flash           Conj/Hex       16%        N/A       26%         3
 Passwall                 Tmut/Erth      1%         N/A       28%         2
 Swiftness                Air            2%         N/A       50%         3


Dungeon Overview and Level Annotations

Branches:
Dungeon (2/15)

Altars:
Fedhas

Annotations:
D:2 Natasha


Innate Abilities, Weirdness & Mutations

You are very small and have problems with some larger weapons.
You are too small for most types of armour.
You have supernaturally acute eyesight. (SInv)
You cover ground extremely quickly. (Speed+++)


Message History

Aim: an adder (chance to affect: 50%)
The adder resists with some effort.
You feel sick. The adder closely misses you.
Casting: Ensorcelled Hibernation (safe; 13% risk of failure)
Confirm with . or Enter, or press ? or * to list all spells.
Aiming: Ensorcelled Hibernation (safe; 13% risk of failure)
Press: ? - help, Shift-Dir - straight line, f/p - adder
Aim: an adder (chance to affect: 50%)
The adder resists with some effort.
You feel sick. The adder misses you. The adder barely misses you.
Casting: Ensorcelled Hibernation (safe; 13% risk of failure)
Confirm with . or Enter, or press ? or * to list all spells.
Aiming: Ensorcelled Hibernation (safe; 13% risk of failure)
Press: ? - help, Shift-Dir - straight line, f/p - adder
Aim: an adder (chance to affect: 50%)
The adder resists with some effort.
You feel sick. The adder bites you.
* * * LOW HITPOINT WARNING * * *
Unknown command.
Casting: Ensorcelled Hibernation (safe; 13% risk of failure)
Confirm with . or Enter, or press ? or * to list all spells.
You don't have enough magic to cast this spell.
Unknown command.
You hit the adder.
You feel better.
The adder is moderately wounded.
You feel sick. The adder bites you.
* * * LOW HITPOINT WARNING * * *
You hit the adder.
You feel better.
The adder is heavily wounded.
The adder closely misses you.
You hit the adder.
The adder is almost dead.
You feel sick. The adder barely misses you. The adder bites you.
* * * LOW HITPOINT WARNING * * *
You are more poisoned.
The adder poisons you!
You hit the adder.
You feel better.
The adder is almost dead.
* * * LOW HITPOINT WARNING * * *
You feel sick. The adder bites you.
You die...

>.# #.. ..# ..... #.# #.#
##... #.# #.# ##...
...####.####.########### .....
......................># ##.
.....#.#.##............ ##.#
... #.#.############.# ...# #
#.#............<.. ####
#@#########.#.#... #.S...#
#.#..... ##....# #....... ####
....#########..# ...## #####
###.#.........<. ##..## #...#
.#.######.#.# ##..# #..†###
###.#......... ##.## #.<.#..
..#.#.#.##.#..
#..###...#.######.#.#.####[#..


You could see an adder.

Vanquished Creatures
  A dart slug (D:1)
  4 bats
  3 endoplasms
  A giant cockroach (D:1)
  A hobgoblin (D:2)
  5 quokkas
  6 ball pythons
  5 frilled lizards
  2 goblins (D:1)
  A kobold (D:1)
  5 rats (D:1)
34 creatures vanquished.

Notes
Turn   | Place    | Note
-------+----------+-------------------------------------------
     0 | D:1      | timpak the Spriggan Enchanter began the quest for the Orb.
     0 | D:1      | Reached XP level 1. HP: 9/9 MP: 5/5
    95 | D:1      | Reached skill level 5 in Stealth
   289 | D:1      | Reached XP level 2. HP: 13/13 MP: 6/6
   346 | D:1      | Reached skill level 6 in Stealth
   415 | D:1      | Learned a level 2 spell: Ensorcelled Hibernation
   824 | D:2      | Reached XP level 3. HP: 9/16 MP: 8/8
   951 | D:2      | Learned a level 3 spell: Confusing Touch
  1026 | D:2      | Found a blossoming altar of Fedhas.
  1029 | D:2      | Noticed Natasha
  1286 | D:2      | Slain by an adder

Illustrated notes

Levels and vault maps discovered:
D:1:      lightli_arrival_flooded_house, layout_basic
D:2:      layout_basic, basic_altar, uniq_robin, uniq_natasha

Skill      XL: |  1  2  3 |
---------------+----------+-----
Stealth        | 5 6 |  6.0
Spellcasting   | 3 |  3.0
Short Blades   | |  1.4
Dodging        | |  2.9
Hexes          | |  3.8

Action                     || total
---------------------------++-------
  Melee: Dagger            ||   110
   Cast: Ensorcelled Hiber ||     4
   Stab: Sleeping          ||    11
 Armour: Robe              ||    40
  Dodge: Dodged            ||    80

Table legend: (Time is in decaauts)
 A = Elapsed time spent in this place.
 B = Non-inter-level travel time spent in this place.
 C = Inter-level travel time spent in this place.
 D = Time resting spent in this place.
 E = Time spent auto-exploring this place.
 F = Levels seen in this place.
 G = Mean time per level.
                   A        B        C        D        E       F      G
               +--------+--------+--------+--------+--------+-----+--------+
         Total |    914 |    878 |     36 |    148 |    461 |   2 |  457.0 |
       Dungeon |    914 |    878 |     36 |    148 |    461 |   2 |  457.0 |
               +--------+--------+--------+--------+--------+-----+--------+

Top non-repeatable levels by time:
     D:1: 651 daAuts
     D:2: 262 daAuts
